[Event "Rated Blitz game"]
[Site "?"]
[Date "2021.06.13"]
[Round "?"]
[White "forbiddencheapos"]
[Black "Kh777alaagha"]
[Result "1-0"]
[ECO "C46"]
[WhiteElo "2434"]
[BlackElo "2346"]
[PlyCount "51"]
[EventDate "2021.??.??"]
[EventType "blitz"]
[TimeControl "300"]

1. e4 e5 2. Nf3 Nc6 3. Nc3 Nf6 4. Nxe5 Nxe5 5. d4 Ng6 6. e5 Ng8 7. Bc4 c6 8.
Qf3 f6 9. O-O d5 10. exd6 Qxd6 11. Re1+ Be7 12. Ne4 Qxd4 13. c3 Qd7 14. Bf4
Nxf4 15. Qxf4 Kf8 16. Rad1 Qf5 17. Qc7 Be6 18. Ng3 Qc5 19. Bxe6 h5 20. Nf5 Qb6
21. Qxb6 axb6 22. Bxg8 Rxg8 23. Nxe7 Rh8 24. Ng6+ Kf7 25. Nxh8+ Rxh8 26. Rd7+ {
Normal} 1-0

[Event "Rated Blitz game"]
[Site "?"]
[Date "2021.06.13"]
[Round "?"]
[White "forbiddencheapos"]
[Black "Kboy1990"]
[Result "1-0"]
[ECO "C46"]
[WhiteElo "2434"]
[BlackElo "2278"]
[PlyCount "81"]
[EventDate "2021.??.??"]
[EventType "blitz"]
[TimeControl "300"]

1. e4 e5 2. Nf3 Nc6 3. Nc3 Nf6 4. Nxe5 Nxe5 5. d4 Ng6 6. e5 Ng8 7. Bc4 d6 8.
Qf3 Qd7 9. O-O Qf5 10. Bb5+ c6 11. Bxc6+ Kd8 12. Bxb7 Rb8 13. Bxc8 Qxf3 14.
gxf3 Kxc8 15. f4 Kd7 16. f5 Nh4 17. e6+ fxe6 18. fxe6+ Kxe6 19. f4 Nf6 20. d5+
Kd7 21. b3 Be7 22. Bb2 Rhg8 23. a4 Nh5 24. Ne2 Bf6 25. Rab1 Rge8 26. Kf2 Nf5
27. Bxf6 gxf6 28. c4 Re3 29. Nd4 Rh3 30. Nxf5 Rxh2+ 31. Kg1 Re2 32. Rf2 Rxf2
33. Kxf2 Nxf4 34. Kf3 Nd3 35. Ke3 Nc5 36. Nd4 Nxa4 37. Ra1 Nc5 38. Rxa7+ Ke8
39. Rxh7 Nxb3 40. Rh8+ Kf7 41. Rxb8 {Normal} 1-0

[Event "Rated Blitz game"]
[Site "?"]
[Date "2021.06.13"]
[Round "?"]
[White "GoughPhar"]
[Black "greenmarky12"]
[Result "1-0"]
[ECO "C46"]
[WhiteElo "2424"]
[BlackElo "2283"]
[PlyCount "39"]
[EventDate "2021.??.??"]
[EventType "blitz"]
[TimeControl "180"]

1. e4 e5 2. Nf3 Nc6 3. Nc3 Nf6 4. Nxe5 Nxe5 5. d4 Bb4 6. dxe5 Nxe4 7. Qd4 Bxc3+
8. bxc3 d5 9. exd6 Nxd6 10. Qxg7 Qe7+ 11. Be3 Rf8 12. Bd3 Bf5 13. O-O O-O-O 14.
Qd4 b6 15. Qa4 Kb8 16. Rab1 Rg8 17. Rfe1 Bh3 18. Bf1 Bxg2 19. Bxg2 Qg5 20. Bxg5
{Normal} 1-0

[Event "Rated Blitz game"]
[Site "?"]
[Date "2021.06.13"]
[Round "?"]
[White "forbiddencheapos"]
[Black "Badbear"]
[Result "1-0"]
[ECO "C46"]
[WhiteElo "2437"]
[BlackElo "2365"]
[PlyCount "29"]
[EventDate "2021.??.??"]
[EventType "blitz"]
[TimeControl "300"]

1. e4 e5 2. Nf3 Nc6 3. Nc3 Nf6 4. Nxe5 Nxe5 5. d4 Nc6 6. d5 Nb8 7. e5 Ng8 8. d6
cxd6 9. exd6 Qf6 10. Nb5 Na6 11. Bc4 Nh6 12. O-O Nf5 13. Bf4 g5 14. Re1+ Kd8
15. Be5 {Normal} 1-0

[Event "Rated Blitz game"]
[Site "?"]
[Date "2021.06.13"]
[Round "?"]
[White "forbiddencheapos"]
[Black "RiskyBlitzer"]
[Result "1-0"]
[ECO "C46"]
[WhiteElo "2424"]
[BlackElo "2458"]
[PlyCount "79"]
[EventDate "2021.??.??"]
[EventType "blitz"]
[TimeControl "300"]

1. e4 e5 2. Nf3 Nc6 3. Nc3 Nf6 4. Nxe5 Nxe5 5. d4 Ng6 6. e5 Bb4 7. exf6 Qxf6 8.
Bc4 O-O 9. O-O Bxc3 10. bxc3 d6 11. f4 Re8 12. Rb1 c6 13. a4 b6 14. Qf3 d5 15.
Bd3 Bf5 16. g4 Be4 17. Qg3 Qh4 18. f5 Qxg3+ 19. hxg3 Nf8 20. Bf4 Nd7 21. Rfe1
f6 22. Bxe4 Rxe4 23. Rxe4 dxe4 24. c4 c5 25. d5 Re8 26. Kf2 Kf7 27. Ke3 g5 28.
Bd6 Rh8 29. Rh1 Ke8 30. Kxe4 Kd8 31. Rh6 Ke8 32. Bc7 Kf7 33. d6 Kg7 34. Rh2 Ne5
35. Kd5 Kf7 36. Re2 Re8 37. a5 bxa5 38. Bxa5 Rc8 39. Rxe5 fxe5 40. d7 {Normal}
1-0

[Event "Rated Blitz game"]
[Site "?"]
[Date "2021.06.12"]
[Round "?"]
[White "forbiddencheapos"]
[Black "spiritofthewest"]
[Result "0-1"]
[ECO "C46"]
[WhiteElo "2413"]
[BlackElo "2366"]
[PlyCount "116"]
[EventDate "2021.??.??"]
[EventType "blitz"]
[TimeControl "300"]

1. e4 e5 2. Nf3 Nc6 3. Nc3 Nf6 4. Nxe5 Nxe5 5. d4 Ng6 6. e5 Ng8 7. Bc4 Bb4 8.
O-O Bxc3 9. bxc3 N8e7 10. f4 d5 11. Bd3 Nh4 12. Ba3 Bf5 13. Qh5 Bxd3 14. cxd3
Nhf5 15. g4 Ne3 16. Rf2 Qd7 17. f5 g6 18. Qh3 N3xf5 19. gxf5 Nxf5 20. Rb1 O-O-O
21. Rfb2 b6 22. Qf3 Nh4 23. Qg3 g5 24. Rf2 Rhg8 25. Rbf1 Rg7 26. Rf6 h6 27. Qf2
Qa4 28. Bc1 Rd7 29. Rxh6 Qb5 30. Qg3 Rd8 31. Rxh4 gxh4 32. Qxg7 Qxd3 33. Qg4+
Kb7 34. Qf3 Rg8+ 35. Kh1 Qc4 36. Qxf7 h3 37. e6 Rg2 38. e7 Qxa2 39. Qf4 Re2 40.
Qf3 Rxh2+ 41. Kg1 Rg2+ 42. Kh1 Re2 43. Qxh3 Rxe7 44. Bf4 Qc2 45. Be5 Rh7 46.
Qxh7 Qxh7+ 47. Kg1 Qg6+ 48. Kf2 Qc2+ 49. Kg3 Qxc3+ 50. Rf3 Qe1+ 51. Kg4 c5 52.
Rf7+ Ka6 53. Bb8 Qe6+ 54. Rf5 cxd4 55. Kg5 d3 56. Bf4 Qg8+ 57. Kf6 Qg4 58. Ke6
d2 {Time forfeit} 0-1

[Event "Rated Blitz game"]
[Site "?"]
[Date "2021.06.12"]
[Round "?"]
[White "forbiddencheapos"]
[Black "imperiummortale"]
[Result "0-1"]
[ECO "C46"]
[WhiteElo "2409"]
[BlackElo "2315"]
[PlyCount "90"]
[EventDate "2021.??.??"]
[EventType "blitz"]
[TimeControl "300"]

1. e4 e5 2. Nf3 Nc6 3. Nc3 Nf6 4. Nxe5 Nxe5 5. d4 Ng6 6. e5 Ng8 7. Bc4 d5 8.
Bxd5 c6 9. Bb3 Bb4 10. Qf3 Qe7 11. O-O Bxc3 12. bxc3 Be6 13. c4 a5 14. a4 Qd7
15. d5 Bg4 16. e6 Bxf3 17. exd7+ Kxd7 18. gxf3 c5 19. f4 N8e7 20. c3 Nf5 21.
Rb1 Nd6 22. Be3 b6 23. Ba2 Kc7 24. Kg2 f5 25. Kg3 Rhe8 26. h4 Nf8 27. Kf3 Nd7
28. h5 Nf6 29. Rh1 Re4 30. Rbg1 Re7 31. Rg5 Rae8 32. Rhg1 Ng4 33. R1xg4 fxg4+
34. Rxg4 Nf5 35. Kg2 Rxe3 36. Rg5 Re2 37. Bb1 Nd6 38. Rxg7+ R8e7 39. h6 Ne8 40.
Rxh7 Rxh7 41. Bxh7 Nf6 42. Bg6 Re7 43. Kg3 Nh7 44. Kg4 Nf8 45. Bf5 Kd6 {
Time forfeit} 0-1

[Event "Rated Blitz game"]
[Site "?"]
[Date "2021.06.12"]
[Round "?"]
[White "forbiddencheapos"]
[Black "BrightestNight"]
[Result "1-0"]
[ECO "C46"]
[WhiteElo "2404"]
[BlackElo "2391"]
[PlyCount "67"]
[EventDate "2021.??.??"]
[EventType "blitz"]
[TimeControl "300"]

1. e4 e5 2. Nf3 Nc6 3. Nc3 Nf6 4. Nxe5 Nxe5 5. d4 Ng6 6. e5 Ng8 7. Bc4 d5 8.
Bxd5 N8e7 9. Bb3 Nf5 10. Ne2 c5 11. c3 cxd4 12. cxd4 Bb4+ 13. Kf1 O-O 14. f4
Ba5 15. Qd3 Bb6 16. d5 Qh4 17. g3 Qh3+ 18. Ke1 Qg2 19. Rf1 Qxh2 20. Bd2 Nh6 21.
e6 fxe6 22. dxe6 Ne7 23. Qf3 Nhf5 24. Rh1 Qf2+ 25. Qxf2 Bxf2+ 26. Kxf2 Rf6 27.
Bc3 Rg6 28. Rad1 Bxe6 29. Bxe6+ Rxe6 30. Rd7 b6 31. g4 Rxe2+ 32. Kxe2 Ng3+ 33.
Kf3 Nxh1 34. Rxe7 {Normal} 1-0

[Event "Rated Blitz game"]
[Site "?"]
[Date "2021.06.12"]
[Round "?"]
[White "forbiddencheapos"]
[Black "Leonid813"]
[Result "1-0"]
[ECO "C46"]
[WhiteElo "2402"]
[BlackElo "2242"]
[PlyCount "41"]
[EventDate "2021.??.??"]
[EventType "blitz"]
[TimeControl "300"]

1. e4 Nf6 2. Nc3 e5 3. Nf3 Nc6 4. Nxe5 Nxe5 5. d4 Nc6 6. d5 Ne7 7. e5 Nfg8 8.
d6 Nc6 9. Nb5 cxd6 10. exd6 Bxd6 11. Nxd6+ Kf8 12. Bc4 Qe7+ 13. Kf1 Ne5 14. Bb3
a5 15. a4 b6 16. Bf4 Ba6+ 17. Kg1 Nh6 18. Qd5 Nc6 19. h4 Rd8 20. Rh3 Nb4 21.
Qd4 {Normal} 1-0

[Event "Rated Blitz game"]
[Site "?"]
[Date "2021.06.12"]
[Round "?"]
[White "forbiddencheapos"]
[Black "valera1155pro"]
[Result "1-0"]
[ECO "C46"]
[WhiteElo "2405"]
[BlackElo "2274"]
[PlyCount "33"]
[EventDate "2021.??.??"]
[EventType "blitz"]
[TimeControl "300"]

1. e4 e5 2. Nf3 Nf6 3. Nc3 Nc6 4. Nxe5 Nxe5 5. d4 Nc6 6. d5 Nb8 7. e5 Ng8 8. d6
cxd6 9. exd6 Qf6 10. Nb5 Na6 11. Bc4 Qe5+ 12. Be3 Nf6 13. O-O Kd8 14. Re1 Qh5
15. Qxh5 Nxh5 16. Bxf7 g6 17. Bg5+ {Normal} 1-0

[Event "Rated Blitz tournament YtuHIWbJ"]
[Site "?"]
[Date "2021.06.12"]
[Round "?"]
[White "Sviridov_Petr"]
[Black "Karabas_Karbofos"]
[Result "1-0"]
[ECO "C46"]
[WhiteElo "2491"]
[BlackElo "2228"]
[PlyCount "59"]
[EventDate "2021.??.??"]
[EventType "blitz"]
[TimeControl "180"]

1. e4 e5 2. Nf3 Nc6 3. Nc3 Nf6 4. Nxe5 Nxe5 5. d4 Ng6 6. e5 Ng8 7. Bc4 Bb4 8.
Qf3 f6 9. O-O f5 10. Nd5 Be7 11. Qh5 d6 12. Nf4 Nh6 13. Nxg6 hxg6 14. Qxg6+ Kd7
15. e6+ Kc6 16. d5+ Kb6 17. Be3+ c5 18. b4 a6 19. bxc5+ dxc5 20. Bf4 Ka7 21. d6
Bxd6 22. Rfd1 Bxf4 23. Rxd8 Rxd8 24. e7 Rh8 25. e8=Q Rxe8 26. Qxe8 b5 27. Qe7+
Bb7 28. Bd5 Rb8 29. Qxb7+ Rxb7 30. Bxb7 {Time forfeit} 1-0

[Event "Rated Blitz game"]
[Site "?"]
[Date "2021.06.11"]
[Round "?"]
[White "Niemans"]
[Black "min2020"]
[Result "1-0"]
[ECO "C46"]
[WhiteElo "2406"]
[BlackElo "2353"]
[PlyCount "27"]
[EventDate "2021.??.??"]
[EventType "blitz"]
[TimeControl "180"]

1. e4 e5 2. Nf3 Nc6 3. Nc3 Nf6 4. Nxe5 Nxe5 5. d4 Nc6 6. d5 Ne7 7. e5 Nfg8 8.
d6 Nc6 9. Bc4 cxd6 10. exd6 Qf6 11. Nb5 Kd8 12. Be3 a6 13. Bb6+ Ke8 14. Nc7+ {
Normal} 1-0

[Event "Rated Blitz game"]
[Site "?"]
[Date "2021.06.11"]
[Round "?"]
[White "forbiddencheapos"]
[Black "GMferney28"]
[Result "0-1"]
[ECO "C46"]
[WhiteElo "2407"]
[BlackElo "2443"]
[PlyCount "154"]
[EventDate "2021.??.??"]
[EventType "blitz"]
[TimeControl "300"]

1. e4 Nf6 2. Nc3 e5 3. Nf3 Nc6 4. Nxe5 Nxe5 5. d4 Ng6 6. e5 Ng8 7. Bc4 d5 8.
Bxd5 c6 9. Bb3 Be6 10. O-O Bxb3 11. axb3 N8e7 12. Qd3 Qd7 13. f4 Nf5 14. Rd1 b6
15. Kh1 h5 16. Ne4 O-O-O 17. c3 h4 18. Ng5 Kb8 19. b4 Qd5 20. Qxf5 h3 21. Nxh3
Nh4 22. Qg4 f5 23. Qg3 g5 24. Nxg5 Be7 25. Be3 Rh5 26. Kg1 Rdh8 27. b3 Bxg5 28.
fxg5 Ng6 29. c4 Qe4 30. h3 f4 31. Bxf4 Nxf4 32. e6 Kb7 33. Re1 Qxd4+ 34. Kf1
Rf8 35. Qf2 Qxf2+ 36. Kxf2 Nd3+ 37. Kg3 Nxe1 38. Rxe1 Rxg5+ 39. Kh2 Rg7 40. g4
Re8 41. Kg3 Rge7 42. g5 Rxe6 43. Rf1 a5 44. bxa5 Re3+ 45. Kg4 bxa5 46. h4 R8e4+
47. Kh5 Rh3 48. Rf7+ Kb6 49. g6 Rhxh4+ 50. Kg5 Rhg4+ 51. Kh6 Rh4+ 52. Kg7 Reg4
53. Rf5 Rh3 54. Kf7 Rhg3 55. Rf6 Rxg6 56. Rxg6 Rxg6 57. Kxg6 Kc5 58. Kf5 Kb4
59. Ke5 Kxb3 60. c5 Kc4 61. Kd6 Kb5 62. Ke5 a4 63. Kd4 a3 64. Kc3 Kxc5 65. Kb3
Kd4 66. Kxa3 Kd3 67. Kb4 Kd4 68. Kb3 c5 69. Kb2 Kd3 70. Kc1 Kc3 71. Kb1 Kd2 72.
Kb2 c4 73. Ka3 c3 74. Kb4 c2 75. Kc5 c1=Q+ 76. Kd4 Qc3+ 77. Kd5 Qe3 {Time
forfeit} 0-1

[Event "Rated Blitz game"]
[Site "?"]
[Date "2021.06.10"]
[Round "?"]
[White "Henry940622"]
[Black "wblodw"]
[Result "1/2-1/2"]
[ECO "C46"]
[WhiteElo "2358"]
[BlackElo "2497"]
[PlyCount "116"]
[EventDate "2021.??.??"]
[EventType "blitz"]
[TimeControl "180"]

1. e4 e5 2. Nf3 Nc6 3. Nc3 Nf6 4. Nxe5 Nxe5 5. d4 Ng6 6. e5 Ng8 7. Bc4 d5 8.
Bxd5 c6 9. Bb3 Be6 10. O-O Bxb3 11. axb3 Bb4 12. Ne4 Qd5 13. Qd3 Be7 14. c4 Qd7
15. f4 Nh6 16. Ng3 Nh4 17. f5 O-O-O 18. Be3 Bc5 19. Rad1 Rhe8 20. Qe4 Be7 21.
Bxh6 gxh6 22. f6 Bc5 23. Qxh4 Bxd4+ 24. Kh1 Rxe5 25. b4 b6 26. c5 bxc5 27. bxc5
Rxc5 28. Ne2 Rd5 29. Nxd4 Rxd4 30. Rxd4 Qxd4 31. Qxh6 Qf2 32. Qc1 Qd2 33. Qxc6+
Kb8 34. Qb5+ Kc7 35. h3 Rd6 36. Qc5+ Rc6 37. Qxa7+ Kd6 38. Qb8+ Ke6 39. Qe8+
Kd5 40. Qd8+ Rd6 41. Rf5+ Ke4 42. Qa5 Qxa5 43. Rxa5 Rd1+ 44. Kh2 Rd2 45. Rh5
Rxb2 46. Rxh7 Kf5 47. Rxf7 Kg6 48. Rf8 Rb6 49. Rg8+ Kxf6 50. Rg3 Kf7 51. Rf3+
Ke7 52. Rd3 Rb5 53. Re3+ Kf7 54. Rc3 Kg7 55. Rc7+ Kg6 56. Rc6+ Kg5 57. Rc5+ Kf4
58. Rxb5 Ke3 {Time forfeit} 1/2-1/2

[Event "Rated Blitz game"]
[Site "?"]
[Date "2021.06.10"]
[Round "?"]
[White "Webbimio"]
[Black "Maybach77"]
[Result "0-1"]
[ECO "C46"]
[WhiteElo "2333"]
[BlackElo "2437"]
[PlyCount "42"]
[EventDate "2021.??.??"]
[EventType "blitz"]
[TimeControl "180"]

1. e4 e5 2. Nf3 Nc6 3. Nc3 Nf6 4. Nxe5 Nxe5 5. d4 Ng6 6. e5 Ng8 7. f4 Bb4 8.
Bd3 N8e7 9. f5 Nf8 10. O-O Bxc3 11. bxc3 d6 12. f6 gxf6 13. exf6 Neg6 14. Re1+
Be6 15. d5 Qxf6 16. dxe6 Nxe6 17. Qg4 O-O-O 18. Rb1 Rhg8 19. Qe4 d5 20. Qf5
Qxc3 21. Qxf7 Qxe1+ {Normal} 0-1

[Event "Rated Blitz game"]
[Site "?"]
[Date "2021.06.10"]
[Round "?"]
[White "khalid_ontawar"]
[Black "sdirektor"]
[Result "0-1"]
[ECO "C46"]
[WhiteElo "2383"]
[BlackElo "2405"]
[PlyCount "50"]
[EventDate "2021.??.??"]
[EventType "blitz"]
[TimeControl "180"]

1. e4 e5 2. Nf3 Nc6 3. Nc3 Nf6 4. Nxe5 Nxe5 5. d4 Ng6 6. e5 Bb4 7. exf6 Qxf6 8.
Be3 O-O 9. Be2 d5 10. O-O c6 11. Bf3 Bf5 12. Ne2 Bd6 13. Ng3 Nh4 14. Be2 Bg6
15. Bd3 Rae8 16. Bxg6 fxg6 17. Qd3 Nf5 18. c4 Bxg3 19. hxg3 Nxe3 20. fxe3 Qg5
21. Rxf8+ Rxf8 22. cxd5 Qxg3 23. dxc6 Qf2+ 24. Kh1 Rf5 25. g4 Rf3 {Normal} 0-1

[Event "Rated Rapid game"]
[Site "?"]
[Date "2021.06.10"]
[Round "?"]
[White "brunosten"]
[Black "firebreath_blobfish"]
[Result "0-1"]
[ECO "C46"]
[WhiteElo "2513"]
[BlackElo "2341"]
[PlyCount "100"]
[EventDate "2021.??.??"]
[EventType "rapid"]
[TimeControl "600"]

1. e4 e5 2. Nf3 Nc6 3. Nc3 Nf6 4. Nxe5 Nxe5 5. d4 Ng6 6. e5 Ng8 7. Bc4 d6 8.
Qf3 Qd7 9. exd6 Bxd6 10. O-O Nf6 11. Bg5 O-O 12. Bxf6 gxf6 13. Nd5 Qf5 14.
Nxf6+ Kh8 15. Qxf5 Bxf5 16. c3 c6 17. g3 Be7 18. Nh5 Bg4 19. Nf4 Nxf4 20. gxf4
Bf3 21. Rfe1 Rae8 22. Re5 f6 23. Re3 Bd5 24. Bxd5 cxd5 25. Rae1 Rf7 26. f5 h5
27. Kf1 Kg7 28. c4 Kf8 29. c5 Rc8 30. b4 b6 31. a3 bxc5 32. dxc5 a5 33. Rd1
axb4 34. axb4 Rb8 35. Rd4 Kg7 36. Rc3 Kh6 37. c6 Bd6 38. Rxd5 Bxb4 39. Rb3 Bd6
40. Rxb8 Bxb8 41. h4 Be5 42. Rd8 Kg7 43. Re8 Rc7 44. Re6 Kf7 45. Ke2 Re7 46.
Rxe7+ Kxe7 47. Ke3 Kd6 48. Kd3 Kxc6 49. Ke4 Kc5 50. Ke3 Kd5 {Normal} 0-1

[Event "Rated Blitz game"]
[Site "?"]
[Date "2021.06.10"]
[Round "?"]
[White "khalid_ontawar"]
[Black "sdirektor"]
[Result "0-1"]
[ECO "C46"]
[WhiteElo "2384"]
[BlackElo "2404"]
[PlyCount "46"]
[EventDate "2021.??.??"]
[EventType "blitz"]
[TimeControl "180"]

1. e4 e5 2. Nf3 Nc6 3. Nc3 Nf6 4. Nxe5 Nxe5 5. d4 Nc6 6. d5 Ne5 7. f4 Ng6 8. e5
Bb4 9. exf6 Qxf6 10. Qe2+ Kd8 11. Be3 Bxc3+ 12. bxc3 Qxc3+ 13. Kf2 Qxa1 14. f5
Qf6 15. Kg1 Qxf5 16. g4 Qe5 17. Qd2 Re8 18. Bf2 d6 19. h3 Nf4 20. Bb5 Bd7 21.
Bg3 g5 22. Bxd7 Kxd7 23. Kf2 Qe2+ {Normal} 0-1

[Event "Rated Blitz game"]
[Site "?"]
[Date "2021.06.09"]
[Round "?"]
[White "Niemans"]
[Black "Congoman"]
[Result "0-1"]
[ECO "C46"]
[WhiteElo "2400"]
[BlackElo "2365"]
[PlyCount "30"]
[EventDate "2021.??.??"]
[EventType "blitz"]
[TimeControl "180"]

1. e4 e5 2. Nf3 Nf6 3. Nc3 Nc6 4. Nxe5 Nxe5 5. d4 Ng6 6. e5 Ng8 7. Bc4 d5 8.
Bxd5 c6 9. Be4 Be6 10. Qd3 Bb4 11. f4 Bd5 12. f5 Bxc3+ 13. bxc3 Qh4+ 14. g3
Qxe4+ 15. Qxe4 Bxe4 {Normal} 0-1

[Event "Rated Blitz game"]
[Site "?"]
[Date "2021.06.09"]
[Round "?"]
[White "swanseac"]
[Black "Konevoyazher"]
[Result "1-0"]
[ECO "C46"]
[WhiteElo "2411"]
[BlackElo "2283"]
[PlyCount "85"]
[EventDate "2021.??.??"]
[EventType "blitz"]
[TimeControl "180"]

1. e4 e5 2. Nf3 Nf6 3. Nc3 Nc6 4. Nxe5 Nxe5 5. d4 Ng6 6. e5 Ng8 7. Bc4 Bb4 8.
Qf3 Bxc3+ 9. bxc3 Qe7 10. a4 d6 11. Ba3 Nh6 12. h3 O-O 13. O-O Qg5 14. exd6 Nh4
15. Qg3 Qxg3 16. fxg3 N4f5 17. dxc7 Nxg3 18. Rf3 Nhf5 19. Bxf8 Kxf8 20. Kh2 Ne4
21. Raf1 Ned6 22. Bb3 f6 23. g4 Nh4 24. Re3 Ng6 25. c4 b6 26. c5 bxc5 27. dxc5
Nf7 28. Bd5 Ba6 29. Rb1 Rc8 30. Rb8 Ne7 31. Be6 Ne5 32. Bxc8 Bxc8 33. g5 Ke8
34. gxf6 gxf6 35. Rg3 Kd7 36. Rg7 N5c6 37. Ra8 Bb7 38. Rh8 Kxc7 39. Rhxh7 Kd7
40. Rf7 Ba6 41. Rxf6 Bc4 42. Rd6+ Ke8 43. Rh4 {Time forfeit} 1-0

[Event "Rated Blitz game"]
[Site "?"]
[Date "2021.06.09"]
[Round "?"]
[White "apprendre-les-echecs"]
[Black "dbestsmiles"]
[Result "1-0"]
[ECO "C46"]
[WhiteElo "2538"]
[BlackElo "2546"]
[PlyCount "43"]
[EventDate "2021.??.??"]
[EventType "blitz"]
[TimeControl "180"]

1. e4 e5 2. Nc3 Nf6 3. Nf3 Nc6 4. Nxe5 Nxe5 5. d4 Bb4 6. dxe5 Nxe4 7. Qd4 Bxc3+
8. bxc3 Ng5 9. Ba3 Ne6 10. Qa4 Qg5 11. Qe4 d6 12. exd6 O-O 13. Bd3 f5 14. Qf3
cxd6 15. O-O Nc5 16. Bc4+ Kh8 17. Rad1 Rf6 18. Bxc5 Rg6 19. Rxd6 Rxd6 20. Bxd6
Bd7 21. Bd5 Rd8 22. Bf4 {Normal} 1-0

[Event "Rated Blitz game"]
[Site "?"]
[Date "2021.06.09"]
[Round "?"]
[White "Niemans"]
[Black "Deysayantan2005"]
[Result "1-0"]
[ECO "C46"]
[WhiteElo "2402"]
[BlackElo "2227"]
[PlyCount "27"]
[EventDate "2021.??.??"]
[EventType "blitz"]
[TimeControl "180"]

1. e4 e5 2. Nf3 Nf6 3. Nc3 Nc6 4. Nxe5 Nxe5 5. d4 Nc6 6. d5 Ne5 7. f4 Ng6 8. e5
d6 9. exf6 Qxf6 10. Qf3 Be7 11. Be3 O-O 12. O-O-O Bf5 13. g3 a5 14. Bd4 {Normal
} 1-0

[Event "Rated Blitz game"]
[Site "?"]
[Date "2021.06.09"]
[Round "?"]
[White "weeza"]
[Black "Shaginyan_A"]
[Result "1-0"]
[ECO "C46"]
[WhiteElo "2400"]
[BlackElo "2497"]
[PlyCount "61"]
[EventDate "2021.??.??"]
[EventType "blitz"]
[TimeControl "180"]

1. e4 e5 2. Nc3 Nf6 3. Nf3 Nc6 4. Nxe5 Nxe5 5. d4 Ng6 6. e5 d6 7. exf6 Qxf6 8.
Bd3 Qe7+ 9. Be3 c6 10. Qd2 Be6 11. O-O-O O-O-O 12. d5 cxd5 13. Bxa7 Ne5 14. Nb5
Nc6 15. Bb6 Re8 16. Qc3 Kb8 17. Qa3 d4 18. Bc7+ Kc8 19. Bxd6 Qg5+ 20. f4 Qxf4+
21. Bxf4 Bxa3 22. Nxa3 Nb4 23. Bc4 Nxa2+ 24. Kb1 Nb4 25. Bxe6+ fxe6 26. Rxd4
Nc6 27. Rc4 e5 28. Bg3 e4 29. Nb5 Re6 30. Nd6+ Kd7 31. Nxe4 {Normal} 1-0

[Event "Rated Blitz game"]
[Site "?"]
[Date "2021.06.08"]
[Round "?"]
[White "Salimskyi"]
[Black "TrispiosReturns"]
[Result "1-0"]
[ECO "C46"]
[WhiteElo "2512"]
[BlackElo "2538"]
[PlyCount "97"]
[EventDate "2021.??.??"]
[EventType "blitz"]
[TimeControl "180"]

1. e4 e5 2. Nf3 Nc6 3. Nc3 Nf6 4. Nxe5 Nxe5 5. d4 Bb4 6. dxe5 Nxe4 7. Qd4 Bxc3+
8. bxc3 Ng5 9. Ba3 d6 10. exd6 O-O 11. Bd3 Re8+ 12. Kf1 cxd6 13. Qxd6 Qa5 14.
Qc5 Qd8 15. h4 Ne6 16. Qh5 g6 17. Qh6 Qf6 18. Re1 Bd7 19. Bc1 Bc6 20. h5 Nf8
21. Rxe8 Rxe8 22. Bd2 Qe6 23. hxg6 fxg6 24. Rh3 Qxa2 25. Re3 Rxe3 26. Qxe3 Qd5
27. f3 b6 28. Qe2 Qd7 29. Be3 Bd5 30. Bd4 Ne6 31. Be5 Nc5 32. Qe3 Qe6 33. Qf4
a5 34. c4 Bc6 35. Bd4 Qf7 36. Qe5 Kf8 37. Bxc5+ bxc5 38. Qxc5+ Kg7 39. Qxc6 a4
40. Qxa4 Qf6 41. Qa7+ Kh6 42. Qe3+ g5 43. Kf2 Qa1 44. g4 Qf6 45. Qe4 Qb6+ 46.
c5 Qd6 47. cxd6 Kg7 48. Qe7+ Kh6 49. Qxh7# {Normal} 1-0

[Event "Rated Blitz game"]
[Site "?"]
[Date "2021.06.08"]
[Round "?"]
[White "SureDo"]
[Black "Moskvin_Tolik"]
[Result "0-1"]
[ECO "C46"]
[WhiteElo "2304"]
[BlackElo "2439"]
[PlyCount "56"]
[EventDate "2021.??.??"]
[EventType "blitz"]
[TimeControl "180+2"]

1. e4 e5 2. Nf3 Nc6 3. Nc3 Nf6 4. Nxe5 Nxe5 5. d4 Ng6 6. e5 Bb4 7. exf6 Qxf6 8.
Be3 O-O 9. Qd2 d5 10. a3 Bxc3 11. Qxc3 Re8 12. O-O-O Bf5 13. f3 c5 14. g4 Bd7
15. Bf2 c4 16. h4 b5 17. h5 Nf8 18. Bg3 a5 19. Be5 Qe7 20. Qd2 b4 21. Qf4 bxa3
22. Bd6 axb2+ 23. Kb1 Qe3 24. Qxe3 Rxe3 25. Kxb2 a4 26. Rh3 a3+ 27. Ka2 Ba4 28.
Rd2 Bb3+ {Normal} 0-1

[Event "Rated Blitz game"]
[Site "?"]
[Date "2021.06.08"]
[Round "?"]
[White "manerolocrazo"]
[Black "t_tamas"]
[Result "1-0"]
[ECO "C46"]
[WhiteElo "2426"]
[BlackElo "2325"]
[PlyCount "65"]
[EventDate "2021.??.??"]
[EventType "blitz"]
[TimeControl "180"]

1. e4 e5 2. Nf3 Nc6 3. Nc3 Nf6 4. Nxe5 Nxe5 5. d4 Ng6 6. e5 Ng8 7. f4 d5 8. Bd3
N8e7 9. O-O Bf5 10. g4 Bxd3 11. Qxd3 Nc6 12. f5 Nge7 13. f6 Ng6 14. Bg5 Qd7 15.
e6 fxe6 16. f7+ Qxf7 17. Rxf7 Kxf7 18. Re1 Be7 19. Rf1+ Ke8 20. Bxe7 Ngxe7 21.
Qe3 Kd7 22. Rf7 Rhg8 23. Ne2 Nd8 24. Rf1 Ng6 25. Nc1 Re8 26. Nd3 Re7 27. h4 Nc6
28. h5 Nh8 29. Ne5+ Kd6 30. c4 Nxe5 31. Qxe5+ Kd7 32. cxd5 Nf7 33. Rxf7 {Normal
} 1-0

[Event "Rated Blitz game"]
[Site "?"]
[Date "2021.06.08"]
[Round "?"]
[White "brunosten"]
[Black "alfredogto"]
[Result "1-0"]
[ECO "C46"]
[WhiteElo "2537"]
[BlackElo "2361"]
[PlyCount "159"]
[EventDate "2021.??.??"]
[EventType "blitz"]
[TimeControl "180"]

1. e4 e5 2. Nf3 Nc6 3. Nc3 Nf6 4. Nxe5 Nxe5 5. d4 Nc6 6. d5 Nb8 7. e5 Bb4 8.
exf6 Qxf6 9. Bd2 O-O 10. Be2 d6 11. O-O Bf5 12. a3 Ba5 13. Nb5 Bb6 14. Bc3 Qg6
15. Nd4 Bxd4 16. Qxd4 Nd7 17. Bh5 Qh6 18. Rac1 Nf6 19. Bf3 Rfe8 20. Rfe1 Qg5
21. h4 Qg6 22. Qf4 Rxe1+ 23. Rxe1 Bxc2 24. Re7 Qf5 25. Qxf5 Bxf5 26. Bxf6 gxf6
27. Rxc7 Rb8 28. h5 Kg7 29. g4 Bd3 30. Kg2 f5 31. g5 a6 32. Kg3 Be4 33. Rd7 b5
34. Rxd6 a5 35. h6+ Kf8 36. Bh5 Rb7 37. f4 b4 38. axb4 axb4 39. Rd8+ Ke7 40.
Rh8 Bxd5 41. Rxh7 Rc7 42. Bxf7 Bxf7 43. g6 Kf8 44. Rxf7+ Rxf7 45. gxf7 Kxf7 46.
Kh4 Kg6 47. h7 Kxh7 48. Kg5 Kg7 49. Kxf5 Kf7 50. Ke5 Ke7 51. f5 Kf7 52. b3 Ke7
53. f6+ Kf7 54. Kf5 Kf8 55. Ke6 Ke8 56. Kd5 Kf7 57. Kc5 Kxf6 58. Kxb4 Ke7 59.
Kc5 Kd8 60. Kb6 Kc8 61. Ka7 Kc7 62. b4 Kc6 63. Ka6 Kc7 64. b5 Kb8 65. Kb6 Kc8
66. Ka7 Kd7 67. b6 Kc6 68. b7 Kc5 69. b8=Q Kc4 70. Qb6 Kd3 71. Qc5 Ke2 72. Qd4
Ke1 73. Qc3+ Kf1 74. Qd2 Kg1 75. Kb6 Kh1 76. Kc5 Kg1 77. Kd4 Kf1 78. Ke3 Kg1
79. Kf3 Kh1 80. Qg2# {Normal} 1-0

[Event "Rated Blitz game"]
[Site "?"]
[Date "2021.06.08"]
[Round "?"]
[White "Niemans"]
[Black "sdirektor"]
[Result "0-1"]
[ECO "C46"]
[WhiteElo "2406"]
[BlackElo "2368"]
[PlyCount "42"]
[EventDate "2021.??.??"]
[EventType "blitz"]
[TimeControl "180"]

1. e4 e5 2. Nf3 Nc6 3. Nc3 Nf6 4. Nxe5 Nxe5 5. d4 Ng6 6. e5 Ng8 7. Bc4 d6 8.
Qf3 f6 9. O-O dxe5 10. dxe5 Nxe5 11. Re1 Be7 12. Rxe5 fxe5 13. Qf7+ Kd7 14.
Qxg7 Nf6 15. Bg5 Qf8 16. Rd1+ Ke8 17. Bxf6 Qxf6 18. Qg3 c6 19. Ne4 Qf4 20. Qd3
Bf5 21. g3 Qxe4 {Normal} 0-1